FIQ, neutral male scurrid Tourist -------- --......| +........ |....}}.| |...};}}| ....r;}- -------- FIQ the Rambler Experience level: 1 Strength: 11 Dexterity: 12 Constitution: 14 Intelligence: 13 Wisdom: 8 Charisma: 17 Health: 0(9) Energy: 2(2) Def: 0 Gold: 150 Moves: 78 Dungeon seed: Kw0FoULqYPiZjAuD Game ID: FIQ_1498603002 Your Inventory: Coins $ - 150 gold pieces Weapons a - 49 uncursed +2 darts (in quiver) Armor e - an uncursed +0 Hawaiian shirt (being worn) Comestibles b - 8 uncursed food rations c - an uncursed tin of newt meat d - 2 uncursed fortune cookies f - an uncursed chestnut Scrolls h - 3 uncursed scrolls of magic mapping i - a blessed scroll of magic mapping Potions g - 2 uncursed potions of extra healing Wands l - a blessed wand of secret door detection (0:11) Tools j - an uncursed expensive camera (0:53) k - an uncursed credit card m - an uncursed oil lamp (0:1301) Spells and supernatural/magical abilities: Name Level Category Fail Memory W - pray for help -- divine ? -- Your skills at the end: Miscellaneous Skills wands [Basic] Weapon Skills dart [Basic] Spellcasting Skills Final Attributes: You were devoutly aligned. You had infravision. You were very stealthy. You are dead. Voluntary challenges: You went without food. You did not adorn yourself with jewelry or accessories. You did not cause conflict. You were not invisible. You did not have reflection. You were not displaced. You were an atheist. You never hit with a wielded weapon. You were a pacifist. You did not use tools. You did not use plumbed fixtures. You did not drink any magical draughts. You were illiterate. You never genocided any monsters. You never polymorphed an object. You never changed form. You used no wishes. You never split a pudding. You never wrote Elbereth's name. You never violated your personal moral code. Dungeon overview: The Dungeons of Doom: levels 1 to 15 Level 1 a long staircase Level 2 a fountain Level 3 a fountain a long staircase Level 4 Level 5 Level 6 Level 7 Level 8 Level 9 Level 10 Level 11 Level 12 Level 13 Level 14 Level 15 <- You were here History has recorded: On T:1 you entered the Dungeons of Doom to retrieve the Amulet of Yendor! On T:47 you reached level 2 of The Dungeons of Doom. On T:49 you reached level 3 of The Dungeons of Doom. On T:52 you reached level 4 of The Dungeons of Doom. On T:54 you reached level 5 of The Dungeons of Doom. On T:56 you reached level 6 of The Dungeons of Doom. On T:58 you reached level 7 of The Dungeons of Doom. On T:61 you reached level 8 of The Dungeons of Doom. On T:63 you reached level 9 of The Dungeons of Doom. On T:65 you reached level 10 of The Dungeons of Doom. On T:69 you reached level 11 of The Dungeons of Doom. On T:71 you reached level 12 of The Dungeons of Doom. On T:73 you reached level 13 of The Dungeons of Doom. On T:76 you reached level 14 of The Dungeons of Doom. On T:78 you reached level 15 of The Dungeons of Doom. Score breakdown: Gold: 0 ( 0 points) Experience: 1 level ( 0 points) Exploration: 15 levels ( 420 points) Discoveries: 0 items ( 0 points) Variety of kills: 0 monsters ( 0 points) Major goal: (nothing yet) ( 0 points) Survival: died (score multiplied by 3) Total score: 1260 Latest messages: You continue digging downward. You dig a hole through the floor. You fall through... You receive a faint telepathic message from Twoflower: Your help is urgently needed at Ankh-Morpork! Look for a ...ic transporter. You couldn't quite make out that last message. You start digging downward. You continue digging downward. You dig a pit in the floor. You continue digging downward. You dig a hole through the floor. You fall through... You start digging downward. You continue digging downward. You dig a pit in the floor. You continue digging downward. You dig a hole through the floor. You fall through... You start digging downward. You continue digging downward. You dig a pit in the floor. You continue digging downward. You dig a hole through the floor. You fall through... The piranha bites! (2x) You die... Final status: Aloha FIQ the Tourist, killed by a piranha... You died in The Dungeons of Doom on dungeon level 15 with 1260 points, and 150 pieces of gold, after 78 moves. You were level 1 with a maximum of 9 hit points when you died.